 Dungeon Crawl Stone Soup version 0.20.1-1-g8b1a95d (webtiles) character file.

196 raph the Slasher (level 5, -2/47 HPs)
             Began as a Minotaur Monk on Dec 23, 2017.
             Killed from afar by Natasha (8 damage)
             ... with a magic dart
             ... on level 3 of the Dungeon.
             The game lasted 00:04:02 (1986 turns).

raph the Slasher (Minotaur Monk)                    Turns: 1986, Time: 00:04:02

Health: -2/47      AC:  4    Str: 16    XL:     5   Next: 45%
Magic:  4/4        EV: 16    Int:  7    God:
Gold:   135        SH:  0    Dex: 13    Spells: 4/4 levels left

rFire    . . .     SeeInvis .   a - +0 falchion
rCold    . . .     Gourm    .   (no shield)
rNeg     . . .     Faith    .   t - +0 leather armour {rPois}
rPois    +         Spirit   .   (helmet restricted)
rElec    .         Reflect  .   (no cloak)
rCorr    .         Harm     .   d - +0 pair of gloves
MR       .....                  (no boots)
Stlth    ++........             (no amulet)
Regen    0.2/turn               i - +3 ring of evasion
MPRegen  0.1/turn               (no ring)

@: no status effects
A: retaliatory headbutt, horns 2
a: no special abilities


You were on level 3 of the Dungeon.
You were hungry.

You visited 1 branch of the dungeon, and saw 3 of its levels.

You collected 135 gold pieces.

Inventory:

Hand Weapons
 a - a +0 falchion (weapon)
Armour
 d - a +0 pair of gloves (worn)
 l - a +0 leather armour
 o - a +0 chain mail
 t - a +0 leather armour of poison resistance (worn)
Jewellery
 i - a +3 ring of evasion (left hand)
Scrolls
 b - a scroll of teleportation {unknown}
 e - a scroll of random uselessness {unknown}
 g - 2 scrolls of identify {unknown}
 j - a scroll of remove curse {unknown}
 q - a scroll of fog {unknown}
 r - a scroll of fear {unknown}
Potions
 h - a potion of berserk rage {unknown}
 m - a potion of mutation {unknown}
 n - a potion of heal wounds {unknown}
Books
 p - a book of Misfortune

   Spells                             Type                      Level
   a - Confusing Touch                Hexes                        1
   b - Confuse                        Hexes                        3
   c - Gell's Gravitas                Translocation                3
   d - Petrify                        Transmutation/Earth          4
   e - Metabolic Englaciation         Hexes/Ice                    5
   f - Yara's Violent Unravelling     Hexes/Transmutation          5
Comestibles
 c - 2 bread rations
 f - a royal jelly
 k - 5 fruits
 s - 2 meat rations


   Skills:
 + Level 4.7 Fighting
 * Level 5.5 Long Blades
 - Level 0.8 Armour
 + Level 3.8 Dodging
 + Level 2.7 Stealth


You had 4 spell levels left.
You didn't know any spells.

Dungeon Overview and Level Annotations

Branches:
Dungeon (3/15)

Altars:
Hepliaklqana

Annotations:
D:3 Natasha


Innate Abilities, Weirdness & Mutations

You reflexively headbutt those who attack you in melee.
You have a pair of horns on your head.


Message History

Natasha growls.
Natasha barely misses you.
You barely miss Natasha. Your headbutt misses Natasha.
Natasha is moderately wounded.
Natasha closely misses you.
You riposte.
You barely miss Natasha. Your headbutt misses Natasha.
Natasha is moderately wounded.
You slash Natasha!
Natasha is severely wounded.
Natasha casts a spell at you. You resist with some effort.
You closely miss Natasha. You headbutt Natasha.
Natasha is severely wounded.
Natasha zaps a wand.
The puff of flame hits you!
* * * LOW HITPOINT WARNING * * *
You hit Natasha. Your headbutt misses Natasha.
Natasha is almost dead.
Natasha stares at you and mumbles some strange words.
The magic dart hits you!
You die...

.........# #.#.#
..?......# #.#.#
.........## #.#.#
#.........# ###.#)#
###.#######.# #...#.#
#......####.####.###.#
...#.#....h....#.#.#.#
.......h###.#.##.#...#
.......@# #.#....#.###
...=....# #h##)...<#
.#......# #.#...#..#
#......# #.#...#..#
#......# #_#...#..#
#......# #.###.#..#
#......# #.###.#..#
#......# #.....#...
######## ####.<#.#.


You could see Natasha.

Vanquished Creatures
  2 orc wizards (D:3)
  4 gnolls (D:2)
  An adder (D:2)
  An ooze (D:2)
  A worm (D:2)
  5 dart slugs
  2 leopard geckos (D:1)
  5 orcs
  6 bats
  4 giant cockroaches
  10 hobgoblins
  2 jackals (D:1)
  8 kobolds
  A quokka (D:2)
  A ball python (D:2)
  3 frilled lizards
  9 goblins
  3 rats
68 creatures vanquished.

Notes
Turn   | Place    | Note
-------+----------+-------------------------------------------
     0 | D:1      | raph the Minotaur Monk began the quest for the Orb.
     0 | D:1      | Reached XP level 1. HP: 19/19 MP: 0/0
   177 | D:1      | Reached XP level 2. HP: 26/27 MP: 1/1
   206 | D:1      | Reached skill level 4 in Long Blades
   575 | D:1      | Reached XP level 3. HP: 31/33 MP: 2/2
  1126 | D:2      | Reached XP level 4. HP: 29/41 MP: 3/3
  1519 | D:2      | Reached skill level 5 in Long Blades
  1609 | D:3      | Noticed Natasha
  1868 | D:3      | Found a hazy altar of Hepliaklqana.
  1877 | D:3      | Reached XP level 5. HP: 46/47 MP: 4/4
  1986 | D:3      | Killed from afar by Natasha

Skill      XL: |  1  2  3  4 |
---------------+-------------+-----
Fighting       | 4 |  4.7
Long Blades    | 4 5 |  5.5
Stealth        | 2 |  2.7
Armour         | |  0.8
Dodging        | |  3.8

Action                   |  1- 3 |  4- 6 || total
-------------------------+-------+-------++-------
Melee: Falchion          |    79 |    69 ||   148
       Headbutt          |    12 |    16 ||    28
 Stab: Sleeping          |     3 |       ||     3
  Eat: Chunk             |     1 |     2 ||     3
Armor: Robe              |    10 |       ||    10
       Chain mail        |     5 |     6 ||    11
       Leather armour    |     4 |    10 ||    14
Dodge: Dodged            |    69 |    42 ||   111
       Rpst.: Falchion   |    17 |    15 ||    32
